 Dungeon Crawl Stone Soup version 0.32-a0-913-g739538afd8 (webtiles) character file.

Game seed: 8044572791685685933

699 McSplat the Cudgeller (level 7, 0/45 HPs)
             Began as a Gargoyle Berserker on Apr 7, 2024.
             Was a Believer of Trog.
             Slain by an adder (3 damage)
             ... on level 5 of the Dungeon.
             The game lasted 00:06:37 (3354 turns).

McSplat the Cudgeller (Gargoyle Berserker)          Turns: 3354, Time: 00:06:38

Health: 0/45       AC: 10    Str: 24    XL:     7   Next: 65%
Magic:  7/7        EV: 10    Int:  8    God:    Trog [**....]
Gold:   266        SH:  0    Dex:  9    Spells: 6/6 levels left

rFire   . . .        a - +9 flail "Ludup" {heavy, *Corrode rN++ Str+2}
rCold   . . .        (no shield)
rNeg    + + +        b - +0 animal skin
rPois   ∞            g - +2 hat {Stlth+}
rElec   +            j - +0 cloak
rCorr   .            (no gloves)
SInv    .            (no boots)
Will    +++..        (no amulet)
Stlth   ++           k - ring of willpower
HPRegen 1.27/turn    (no ring)
MPRegen 0.10/turn

%: corrode self (3%)
@: strong-willed, on berserk cooldown, regenerating, slowed, very slow
A: sickness immunity, AC +4, negative energy resistance 1, electricity
resistance, torment resistance 1, petrification resistance
a: Renounce Religion, Berserk, Trog's Hand


You were on level 5 of the Dungeon.
You worshipped Trog.
Trog was pleased with you.
You visited 1 branch of the dungeon, and saw 5 of its levels.

You collected 266 gold pieces.

Inventory:

Hand Weapons
 a - the +9 flail "Ludup" (weapon) {heavy, *Corrode rN++ Str+2}
   (You found it on level 3 of the Dungeon)

   Str+2:     It affects your strength (+2).
   rN++:      It greatly protects you from negative energy.
   *Corrode:  It may corrode you when you take damage.
 l - a +2 heavy mace
Missiles
 c - 5 poisoned darts (quivered)
Armour
 b - a +0 animal skin (worn)
 g - a +2 hat of stealth (worn)
 j - a +0 cloak (worn)
Jewellery
 k - a ring of willpower (left hand)
Wands
 n - a wand of warping (13)
 q - a wand of flame (21)
Scrolls
 d - a scroll of identify {unknown}
 e - a scroll of brand weapon {unknown}
 i - a scroll of enchant armour {unknown}
 o - a scroll of amnesia {unknown}
 p - a scroll of blinking {unknown}
 r - a scroll of teleportation
Potions
 f - a potion of heal wounds {unknown}
 h - 3 potions of curing {unknown}
 m - a potion of degeneration {unknown}
 s - a potion of might {unknown}


   Skills:
 + Level 5.9 Fighting
 * Level 7.1 Maces & Flails
 - Level 1.0 Throwing
 - Level 2.1 Armour
 - Level 1.5 Dodging
 - Level 1.0 Stealth
 - Level 1.0 Evocations


You had 6 spell levels left.
You didn't know any spells.
Your spell library was empty.

Dungeon Overview and Level Annotations

Branches:
Dungeon (5/15)
 Temple: D:4-7

Altars:
Sif Muna
The Shining One

Annotations:
D:5 1 transporter, KennySheep's ghost, novice OnGl


Innate Abilities, Weirdness & Mutations

You are immune to sickness and miasma.
Your stone body is resilient. (AC +4)
You are immune to poison.
You resist negative energy. (rN+)
You are resistant to electric shocks. (rElec)
You are resistant to unholy torment.
You are immune to petrification.


Message History

Unknown command.
Okay, then.
Unknown command.
Okay, then.
Your skin crawls.
You feel strong-willed. The phantom barely misses you. The phantom hits you.
* * * LOW HITPOINT WARNING * * *
You closely miss the phantom.
The phantom is moderately damaged.
The adder barely misses you. The adder misses you.
The phantom closely misses you. The adder barely misses you.
The orc closely misses you. The orc completely misses you.
The phantom barely misses you.
You bludgeon the phantom!!
You destroy the phantom!
Trog accepts your kill. The adder closely misses you.
The orc hits you but does no damage. x2
The adder barely misses you. The orc misses you.
The orc hits you with a +1 dagger of draining.
* * * LOW HITPOINT WARNING * * *
The orc hits you with a +0 hand axe.
* * * LOW HITPOINT WARNING * * *
The adder closely misses you.
The orc hits you with a +1 dagger of draining.
* * * LOW HITPOINT WARNING * * *
The orc hits you but does no damage. The orc closely misses you.
The adder misses you.
Your Maces & Flails skill increases to level 7!
Okay, then.
Okay, then.
Unknown command.
You sock the orc!
You kill the orc!
Trog accepts your kill. The adder closely misses you.
The orc hits you from afar with a +0 trident.
* * * LOW HITPOINT WARNING * * *
The orc hits you but does no damage. The adder bites you.
You die...

##### ###### .....#
#....# ...... #....#
......##....#
.......)@...+
.......oS...##+##...
.......)o...<.......
....##.#...........
......).#........©..
........#..#########
(..<....#..# Z.. W..
...........# .... ..
...........# .##. #


You could see an adder, 2 orcs and a killer bee zombie.

Vanquished Creatures
  Eustachio (D:4)
  A black bear (D:5)
  2 phantoms
  2 orc priests
  A sleepcap (D:4)
  2 orc wizards
  Ijyb (D:4)
  2 iguanas (D:4)
  An adder (D:4)
  2 ribbon worms
  A dart slug (D:4)
  14 orcs
  3 bats
  7 endoplasms
  4 giant cockroaches
  6 goblins
  4 hobgoblins
  8 jackals
  A quokka (D:1)
  11 ball pythons
  A frilled lizard (D:2)
  3 kobolds
  3 rats (D:2)
81 creatures vanquished.

Notes
Turn   | Place    | Note
-------+----------+-------------------------------------------
     0 | D:1      | McSplat the Gargoyle Berserker began the quest for the Orb.
     0 | D:1      | Reached XP level 1. HP: 14/14 MP: 1/1
   212 | D:1      | Reached XP level 2. HP: 19/19 MP: 2/2
   840 | D:2      | Reached skill level 1 in Stealth
   844 | D:2      | Reached skill level 4 in Maces & Flails
   844 | D:2      | Reached XP level 3. HP: 24/24 MP: 3/3
  1246 | D:2      | Identified the +6 dagger of the Hurling Saviour {flame,
                  | ^Fragile Str+2 Int+3}
  1500 | D:3      | Identified the +9 flail "Ludup" {heavy, *Corrode rN++
                  | Str+2}
  1533 | D:3      | Reached XP level 4. HP: 29/29 MP: 4/4
  1579 | D:3      | Reached ** piety under Trog
  2388 | D:3      | Found a shimmering blue altar of Sif Muna.
  2429 | D:4      | Noticed Ijyb
  2432 | D:4      | Killed Ijyb
  2433 | D:4      | Reached XP level 5. HP: 34/34 MP: 5/5
  2494 | D:4      | Noticed Eustachio
  2541 | D:4      | Reached skill level 5 in Maces & Flails
  2545 | D:4      | Noticed a phantom
  2564 | D:4      | Killed a phantom
  2565 | D:4      | Reached skill level 1 in Throwing
  2565 | D:4      | Reached skill level 1 in Evocations
  2565 | D:4      | Reached XP level 6. HP: 39/39 MP: 6/6
  2569 | D:4      | Killed Eustachio
  2570 | D:4      | Reached skill level 5 in Fighting
  2570 | D:4      | Reached skill level 6 in Maces & Flails
  2666 | D:4      | Reached XP level 7. HP: 44/44 MP: 7/7
  3124 | D:4      | Found a glowing golden altar of the Shining One.
  3329 | D:5      | Entered Level 5 of the Dungeon
  3329 | D:5      | Noticed KennySheep's ghost (novice OnGl)
  3329 | D:5      | Found a transporter.
  3353 | D:5      | HP: 2/45 [orc/+1 dagger of draining (2)]
  3354 | D:5      | Reached skill level 7 in Maces & Flails
  3354 | D:5      | Slain by an adder

Illustrated notes

Levels and vault maps discovered:
D:1:      dpeg_arrival_tiny_a, layout_loops_ring
D:2:      layout_loops_corners
D:3:      layout_basic, lemuel_coloured_pillars_altar, fountainhead,
          interstate_on_off, glass_columns_c
D:4:      layout_layer_cave, nicolae_tso_swordbearing_angel, uniq_eustachio,
          uniq_ijyb
D:5:      layout_basic, amcnicky_altar_gilded, gammafunk_ghost_mausoleum

Skill      XL: |  1  2  3  4  5  6  7 |
---------------+----------------------+-----
Stealth        | 1 |  1.0
Maces & Flails | 4 5 6 7 |  7.1
Fighting       | 4 5 |  5.9
Throwing       | 1 |  1.0
Evocations     | 1 |  1.0
Armour         | |  2.1
Dodging        | |  1.5

Action                     |  1- 3 |  4- 6 |  7- 9 || total
---------------------------+-------+-------+-------++-------
  Melee: Mace              |    50 |       |       ||    50
         Flail             |     2 |    66 |    38 ||   106
  Throw: Dart              |       |     1 |       ||     1
 Invoke: Berserk           |     2 |     2 |     1 ||     5
         Trog's Hand       |       |       |     1 ||     1
    Use: Scroll            |       |     3 |       ||     3
   Stab: Sleeping          |     9 |     3 |       ||    12
 Armour: Animal skin       |    22 |    84 |    70 ||   176
  Dodge: Dodged            |    37 |    48 |    56 ||   141

Table legend: (Time is in decaauts)
 A = Elapsed time spent in this place.
 B = Non-inter-level travel time spent in this place.
 C = Inter-level travel time spent in this place.
 D = Time resting spent in this place.
 E = Time spent auto-exploring this place.
 F = Levels seen in this place.
 G = Mean time per level.
                   A        B        C        D        E       F      G
               +--------+--------+--------+--------+--------+-----+--------+
         Total |   3490 |   3353 |    137 |    219 |   2455 |   5 |  698.0 |
       Dungeon |   3490 |   3353 |    137 |    219 |   2455 |   5 |  698.0 |
               +--------+--------+--------+--------+--------+-----+--------+

Top non-repeatable levels by time:
     D:4: 936 daAuts
     D:3: 906 daAuts
     D:2: 890 daAuts
     D:1: 727 daAuts
     D:5: 30 daAuts
